 Dungeon Crawl Stone Soup version 0.31.0-9-g3a7656b989 (webtiles) character file.

Game seed: 5458035965152996721

168 qw the Shooter (level 5, -2/26 HPs)
             Began as a Spriggan Hunter on Feb 2, 2024.
             Slain by Grinder (6 damage)
             ... while paralysed by Grinder
             ... on level 3 of the Dungeon.
             The game lasted 00:00:07 (1893 turns).

qw the Shooter (Spriggan Hunter)                    Turns: 1893, Time: 00:00:08

Health: -2/26      AC:  4    Str: 13    XL:     5   Next: 24%
Magic:  6/6        EV:  4    Int: 11    God:
Gold:   193        SH:  0    Dex: 20    Spells: 4/4 levels left

rFire   . . .        a - +1 shortbow
rCold   . . .        (shield currently unavailable)
rNeg    . . .        c - +0 robe
rPois   .            (helmet restricted)
rElec   .            (no cloak)
rCorr   .            (gloves unavailable)
SInv    +            (boots unavailable)
Will    .....        (no amulet)
Stlth   ++           i - +6 ring of strength
HPRegen 0.24/turn    k - +5 ring of evasion
MPRegen 0.10/turn

%: no passive effects
@: paralysed, about to teleport, very quick
A: very small, no large weapons, unfitting armour, see invisible, speed 3,
iridescent scales 1, noise suppression
a: no special abilities


You were on level 3 of the Dungeon.
You visited 1 branch of the dungeon, and saw 3 of its levels.

You collected 193 gold pieces.


Innate Abilities, Weirdness & Mutations

You are very small and have problems with some larger weapons.
You are too small for most types of armour.
You have supernaturally acute eyesight. (SInv)
You cover ground extremely quickly. (Speed+++)
You are partially covered in iridescent scales. (AC +2)
You passively dampen the noise of your surroundings.


   Skills:
 - Level 2.1 Fighting
 + Level 5.3 Ranged Weapons
 - Level 5.0 Dodging
 - Level 1.5 Stealth


You had 4 spell levels left.
You didn't know any spells.
Your spell library was empty.

Inventory:

Hand Weapons
 a - a +1 shortbow (weapon)
Armour
 c - a +0 robe (worn)
Jewellery
 d - a ring of protection from cold
 i - a +6 ring of strength (left hand)
 k - a +5 ring of evasion (right hand)
 m - a ring of ice
Scrolls
 e - a scroll of noise {unknown}
 g - 2 scrolls of identify
Potions
 b - 2 potions of mutation
 h - a potion of heal wounds
 n - a potion of might

Dungeon Overview and Level Annotations

Branches:
Dungeon (3/15)

Altars:
The Shining One

Annotations:
D:3 Grinder


Message History

You shoot an arrow.
The arrow hits Grinder but does no damage.
Grinder is severely wounded.
Grinder hits you but does no damage. Grinder hits you.
You shoot an arrow. The arrow hits Grinder.
Grinder is severely wounded.
Grinder gestures at you. Pain shoots through your body!
Ouch! That really hurt!
You shoot an arrow. The arrow closely misses Grinder.
Grinder closely misses you.
You shoot an arrow. The arrow closely misses Grinder.
Grinder completely misses you.
You shoot an arrow. The arrow closely misses Grinder.
Grinder completely misses you.
You shoot an arrow. The arrow hits Grinder.
Grinder is almost dead.
Grinder completely misses you.
You shoot an arrow. The arrow barely misses Grinder.
Grinder hits you but does no damage.
You shoot an arrow. The arrow closely misses Grinder.
Grinder completely misses you.
You shoot an arrow. The arrow hits Grinder.
Grinder is almost dead.
Grinder closely misses you.
You shoot an arrow.
The arrow hits Grinder but does no damage.
Grinder is almost dead.
Grinder gestures at you. Pain shoots through your body!
Grinder gestures at you. You resist with significant effort.
1892 ||| READING scroll of teleportation.
As you read the scroll of teleportation, it crumbles to dust.
You feel strangely unstable. Grinder gestures at you.
You suddenly lose the ability to move!
Grinder hits you.
You die...
Grinder sighs, "Dead already?
I want a refund."

#...#
#.....................
#####
#.#.###.##########....
#.#.....# #.)..
##.#...### #....
#......##### #....
######.....#### #....
.######.###..... #....
............###. .....
.......@....#
......)5....'...
............####
............#
............#
.%..........#
............#
............#


You could see Grinder.

Vanquished Creatures
  Ijyb (D:3)
  An orc wizard (D:3)
  5 adders
  A dart slug (D:3)
  A ribbon worm (D:2)
  5 orcs (D:3)
  3 ball pythons
  7 bats
  4 endoplasms
  3 giant cockroaches
  6 goblins
  7 hobgoblins
  5 kobolds
  3 quokkas
  7 frilled lizards
  3 rats
62 creatures vanquished.

Notes
Turn   | Place    | Note
-------+----------+-------------------------------------------
     0 | D:1      | qw the Spriggan Hunter began the quest for the Orb.
     0 | D:1      | Reached XP level 1. HP: 10/10 MP: 2/2
     0 | D:1      | 0 ||| qw: Version: 0.3-a-155-g5e7d8dd
     0 | D:1      | 0 ||| qw: Game counter: 198
     0 | D:1      | 0 ||| qw: Melee chars always use a shield: true
     0 | D:1      | 0 ||| qw: God list: Okawaru
     0 | D:1      | 0 ||| qw: Allow faded altars: false
     0 | D:1      | 0 ||| qw: Do Orc after clearing Dungeon:15 true
     0 | D:1      | 0 ||| qw: Do second Lair branch before Depths: true
     0 | D:1      | 0 ||| qw: Lair rune preference: random
     0 | D:1      | 0 ||| qw: Goals: Normal
     0 | D:1      | 0 ||| PLANNING D:1-11
    34 | D:1      | Reached skill level 3 in Dodging
   262 | D:1      | Reached XP level 2. HP: 14/14 MP: 3/3
   789 | D:1      | 789 ||| READING scroll labelled MECRIS BUONOI.
   890 | D:1      | 890 ||| READING 3 scrolls labelled WEIKHU QODIGOI.
   890 | D:1      | 890 ||| IDENTIFYING 2 scrolls labelled GANU GOEF DUB
   891 | D:1      | 891 ||| DROPPING scroll of butterflies.
   892 | D:1      | 892 ||| DROPPING 2 scrolls of immolation.
   913 | D:2      | Reached XP level 3. HP: 18/18 MP: 4/4
   964 | D:2      | Found a glowing golden altar of the Shining One.
  1179 | D:2      | Identified the +10 spear of Fortitude {venom, Str-2 Int+5}
  1358 | D:2      | Reached XP level 4. HP: 15/22 MP: 5/5
  1581 | D:2      | 1581 ||| UPGRADING to +6 ring of strength.
  1582 | D:2      | 1582 ||| UPGRADING to +5 ring of evasion.
  1583 | D:2      | 1583 ||| READING 2 scrolls of identify.
  1583 | D:2      | 1583 ||| IDENTIFYING bubbling ruby potion
  1584 | D:2      | 1584 ||| READING scroll of identify.
  1584 | D:2      | 1584 ||| IDENTIFYING murky red potion
  1585 | D:2      | 1585 ||| READING scroll labelled POLEIF GICW.
  1586 | D:2      | 1586 ||| READING scroll labelled MYGIMA XIFYFOITU.
  1587 | D:2      | 1587 ||| READING scroll labelled GEZIED FYWKEY.
  1588 | D:2      | 1588 ||| READING scroll labelled MOMAIPO ISIPNE.
  1588 | D:2      | 1588 ||| ENCHANTING +0 shortbow.
  1589 | D:2      | 1589 ||| READING scroll labelled RELUAWN OMEBA.
  1592 | D:2      | 1592 ||| DRINKING 3 purple potions.
  1592 | D:2      | Gained mutation: You passively dampen the noise of your
                  | surroundings. [potion of mutation]
  1592 | D:2      | Gained mutation: You are partially covered in iridescent
                  | scales. (AC +2) [potion of mutation]
  1860 | D:3      | Reached XP level 5. HP: 26/26 MP: 6/6
  1861 | D:3      | Noticed Ijyb
  1866 | D:3      | Noticed Grinder
  1869 | D:3      | Killed Ijyb
  1891 | D:3      | HP: 4/26 [Grinder/nerve-wracking pain (6)]
  1892 | D:3      | 1892 ||| READING scroll of teleportation.
  1892 | D:3      | Paralysed by Grinder for 5 turns
  1893 | D:3      | Slain by Grinder

Levels and vault maps discovered:
D:1:      dpeg_arrival_oval, layout_loops_ring
D:2:      layout_loops_ring, basic_altar, minmay_split_cup_large
D:3:      layout_basic, serial_bayou_pond_a, cheibrodos_gnoll_hut, uniq_grinder,
          uniq_ijyb

Skill      XL: |  1  2  3  4 |
---------------+-------------+-----
Dodging        | 3 4 5 |  5.0
Ranged Weapons | 5 |  5.3
Fighting       | 2 |  2.1
Stealth        | |  1.5

Action                     |  1- 3 |  4- 6 || total
---------------------------+-------+-------++-------
   Fire: Shortbow          |   107 |    73 ||   180
    Use: Scroll            |     2 |     8 ||    10
         Potion            |       |     1 ||     1
 Armour: Robe              |    11 |     7 ||    18
  Dodge: Dodged            |    42 |    17 ||    59

Table legend:
 A = Non-vault XP
 B = Vault XP
 C = Vault XP percentage of total XP
 D = Non-vault monster count
 E = Vault monster count
 F = Vault count percentage of total count
                 A         B        C        D         E       F
            +---------+---------+-------+---------+---------+-------
      Total |     196 |      45 |  18.7 |      57 |       5 |   8.1
            +---------+---------+-------+---------+---------+-------
        D:1 |      35 |       0 |   0.0 |      22 |       0 |   0.0
        D:2 |      78 |       9 |  10.3 |      19 |       4 |  17.4
        D:3 |      83 |      36 |  30.3 |      16 |       1 |   5.9
            +---------+---------+-------+---------+---------+-------
